 Dungeon Crawl Stone Soup version 0.18.1-50-g88ac8fd (webtiles) character file.

437 RudyRod the Firebug (level 6, 0/43 HPs)
             Began as a Demonspawn Fire Elementalist on Oct 24, 2016.
             Slain by a slave (8 damage)
             ... led by Pikel
             ... on level 4 of the Dungeon.
             The game lasted 00:22:13 (5316 turns).

RudyRod the Firebug (Demonspawn Fire Elementalist)  Turns: 5316, Time: 00:22:14

Health: 0/43       AC:  7    Str:  8    XL:     6   Next: 69%
Magic:  3/11       EV: 19    Int: 19    God:
Gold:   183        SH:  0    Dex: 18    Spells: 2 memorised, 7 levels left

rFire  . . .     SeeInvis .     i - +7 club
rCold  . . .     Gourm    .     a - +0 robe
rNeg   . . .     Faith    .     (no shield)
rPois  .         Spirit   .     (no helmet)
rElec  .         Dismiss  .     (no cloak)
rCorr  .         Reflect  .     (no gloves)
SustAt +         Harm     .     (no boots)
MR     .....                    (no amulet)
Stlth  +++.......               v - +3 ring of protection
                                h - ring of sustain attributes

@: agile, not resistant to hostile enchantments, fairly stealthy
A: slimy green scales 1, demonic guardian 1
a: no special abilities


You were on level 4 of the Dungeon.
You were not hungry.

You visited 1 branch of the dungeon, and saw 4 of its levels.
You also visited: Ossuary.

You collected 183 gold pieces.

Inventory:

Hand Weapons
 i - a +7 club (weapon)
 o - a -1 war axe
Missiles
 g - 72 stones (quivered)
Armour
 a - a +0 robe (worn)
 F - a +0 leather armour
Jewellery
 h - a ring of sustain attributes (left hand)
 j - an uncursed ring of flight
 v - a +3 ring of protection (right hand)
Wands
 l - a wand of iceblast (8/15)
Scrolls
 d - 4 scrolls of remove curse
 f - 9 scrolls of identify {unknown}
 m - a scroll of amnesia {unknown}
 t - a scroll of fear {unknown}
 w - a scroll of enchant weapon {unknown}
 y - a scroll of immolation {unknown}
Potions
 e - a potion of agility
 k - 2 potions of brilliance
 p - a potion of mutation {unknown}
 q - 5 potions of curing
 r - a potion of ambrosia {unknown}
 s - a potion of berserk rage {unknown}
 u - 2 potions of degeneration {unknown}
 x - a potion of beneficial mutation {unknown}
 z - a potion of resistance {unknown}
 A - a potion of invisibility {unknown}
 B - a potion of flight {unknown}
 C - a potion of magic {unknown}
Books
 b - a book of Flames

   Spells                             Type                      Level
   a - Flame Tongue                   Conjuration/Fire             1
   b - Throw Flame                    Conjuration/Fire             2
   c - Conjure Flame                  Conjuration/Fire             3
   d - Inner Flame                    Hexes/Fire                   3
   e - Sticky Flame                   Conjuration/Fire             4
   f - Fireball                       Conjuration/Fire             5
Comestibles
 c - 3 bread rations
 n - 2 meat rations
 D - a beef jerky
 E - 2 slices of pizza


   Skills:
 + Level 1.0 Fighting
 * Level 3.5 Dodging
 + Level 2.3 Stealth
 + Level 3.6 Spellcasting
 + Level 3.1 Conjurations
 + Level 4.0 Fire Magic


You had 7 spell levels left.
You knew the following spells:

 Your Spells              Type           Power        Failure   Level  Hunger
a - Flame Tongue          Conj/Fire      ###..        4%          1    None
b - Sticky Flame          Conj/Fire      ###.....     38%         4    ####...


Dungeon Overview and Level Annotations

Branches:
Dungeon (4/15)
 Temple: D:4-7

Altars:
Fedhas
Makhleb
Zin


Innate Abilities, Weirdness & Mutations

You are partially covered in slimy green scales (AC +2).
A weak demonic guardian rushes to your aid.


Message History

The flame tongue hits the slave.
The slave is heavily wounded.
The slave hits you but does no damage. The slave hits you.
Your ufetubus closely misses the slave.
Your ufetubus barely misses the slave.
Casting: Flame Tongue
Confirm with . or Enter, or press ? or * to list all spells.
Aiming: Flame Tongue
Press: ? - help, Shift-Dir - straight line, f/p - slave
Aim: a slave, wearing an animal skin (heavily wounded)
The flame tongue hits the slave.
The slave appears unharmed.
The slave is heavily wounded.
Your ufetubus barely misses the slave.
Your ufetubus completely misses the slave.
The slave hits you. The slave hits you!
* * * LOW HITPOINT WARNING * * *
Your ufetubus hits the slave. x2
Drink which item? (? for menu, Esc to quit)
You feel agile all of a sudden. The slave hits you!
You die...

..###.....###.###.#...#.###.#.#
#..##.....# #.# #.#...#.....#.#
##..#.....###.#####..########.#
.##..###......................#
'###..##.........###..#########
.......#.........# #..#
#.รท..............# #..##
#................###...#####
#........#######@[.........#
.........# #pp.........#
...##...########5..........#
#..##.)....................#
'..##......................#
#...#..............####'####
#........).........# #.##
P...#..............# #..#
....####...........####..######


You could see 2 slaves and a friendly ufetubus.

Vanquished Creatures
  An ogre (D:4)
  A slave (D:4)
  A scorpion (D:4)
  A howler monkey (D:4)
  Jessica (D:3)
  2 iguanas (D:4)
  An orc wizard (D:4)
  3 mummies
  6 adders
  An adder skeleton (D:4)
  2 worms
  2 dart slugs (D:3)
  2 giant geckos
  3 orcs (D:4)
  10 bats
  2 giant cockroaches
  2 gnoll zombies (Ossuary)
  5 goblins
  10 hobgoblins
  3 jackals
  2 quokkas (D:4)
  3 ball pythons
  5 giant newts
  2 gnoll skeletons (Ossuary)
  A goblin skeleton (Ossuary)
  2 goblin zombies (Ossuary)
  4 hobgoblin skeletons (Ossuary)
  A hobgoblin zombie (D:4)
  6 kobolds
  A kobold skeleton (Ossuary)
  A kobold zombie (D:4)
  2 orc zombies (Ossuary)
  6 rats
  2 rat skeletons (Ossuary)
  A rat zombie (Ossuary)
98 creatures vanquished.

Vanquished Creatures (collateral kills)
  A slave (D:4)
1 creature vanquished.

Vanquished Creatures (others)
  Menkaure (Ossuary)
  A mummy (Ossuary)
  A gnoll zombie (Ossuary)
  3 goblin skeletons (Ossuary)
  2 goblin zombies (Ossuary)
  3 hobgoblin skeletons (Ossuary)
  4 hobgoblin zombies (Ossuary)
  A kobold skeleton (Ossuary)
  5 kobold zombies (Ossuary)
  4 orc skeletons (Ossuary)
  2 orc zombies (Ossuary)
  4 rat skeletons (Ossuary)
  4 rat zombies (Ossuary)
35 creatures vanquished.

Grand Total: 134 creatures vanquished

Notes
Turn   | Place    | Note
--------------------------------------------------------------
     0 | D:1      | RudyRod the Demonspawn Fire Elementalist began the quest for the Orb.
     0 | D:1      | Reached XP level 1. HP: 13/13 MP: 3/3
   646 | D:1      | Reached skill level 3 in Fire Magic
   646 | D:1      | Gained mutation: You are partially covered in slimy green scales (AC +2). [demonic ancestry]
   646 | D:1      | Reached XP level 2. HP: 19/19 MP: 3/5
  1736 | D:2      | Found a burning altar of Makhleb.
  1738 | D:2      | Noticed a green death
  1748 | D:2      | Noticed a neqoxec
  1748 | D:2      | Noticed a hellwing
  1831 | D:2      | Reached XP level 3. HP: 24/24 MP: 4/6
  2755 | D:3      | Reached XP level 4. HP: 22/30 MP: 0/7
  3233 | D:3      | Found a blossoming altar of Fedhas.
  3254 | D:3      | Noticed Jessica
  3370 | D:3      | Found a glowing silver altar of Zin.
  3524 | D:3      | Killed Jessica
  3757 | D:4      | Found a sand-covered staircase.
  3761 | D:4      | Reached XP level 5. HP: 13/35 MP: 5/9
  3764 | Ossuary  | Entered an ossuary
  4060 | Ossuary  | Killed Menkaure
  4443 | D:4      | Learned a level 4 spell: Sticky Flame
  4527 | D:4      | Noticed an ogre
  4672 | D:4      | Gained mutation: A weak demonic guardian rushes to your aid. [demonic ancestry]
  4672 | D:4      | Reached XP level 6. HP: 38/42 MP: 7/11
  4930 | D:4      | Reached skill level 1 in Fighting
  4930 | D:4      | Reached skill level 4 in Fire Magic
  4995 | D:4      | Noticed a slave
  5275 | D:4      | Noticed a slave
  5276 | D:4      | Noticed a slave
  5277 | D:4      | Noticed a slave
  5306 | D:4      | Killed a slave
  5311 | D:4      | Killed a slave
  5316 | D:4      | Slain by a slave

Skill      XL: |  1  2  3  4  5  6 |
---------------+-------------------+-----
Fire Magic     | 3 4 |  4.0
Dodging        | 2 3 |  3.5
Stealth        | 2 |  2.3
Conjurations   | 2 3 |  3.1
Spellcasting   | 3 |  3.6
Fighting       | 1 |  1.0

Action                   |  1- 3 |  4- 6 || total
-------------------------+-------+-------++-------
Melee: War axe           |    16 |    11 ||    27
       Unarmed           |     1 |       ||     1
       Club              |       |    26 ||    26
 Cast: Flame Tongue      |    73 |   128 ||   201
  Use: Potion            |       |     6 ||     6
       Scroll            |       |     4 ||     4
 Stab: Distracted        |       |     1 ||     1
  Eat: Chunk             |     6 |     4 ||    10
       Bread ration      |       |     1 ||     1
Armor: Robe              |    17 |    30 ||    47
Dodge: Dodged            |    35 |    58 ||    93
